 Seeded DCSS version 0.29.1 (webtiles) character file.

Game seed: 15342986624498160732 (custom seed)

131 mathmaestro the Grave Robber (level 4, -3/33 HPs)
             Began as a Demonspawn Necromancer on Sept 12, 2022.
             Slain by a water moccasin (7 damage)
             ... in a sewer.
             The game lasted 00:06:12 (3989 turns).

mathmaestro the Grave Robber (DsNe)                 Turns: 3989, Time: 00:06:13

Health: -3/33      AC:  5    Str:  8    XL:     4   Next: 91%
Magic:  1/8        EV: 11    Int: 19    God:
Gold:   211        SH:  3    Dex: 13    Spells: 5/9 levels left

rFire   . . .      SeeInvis .   r - +3 dagger
rCold   . . .      Faith    .   i - +0 buckler
rNeg    . . .      Spirit   .   a - +0 robe
rPois   .          Reflect  .   l - +2 hat
rElec   .          Harm     .   (no cloak)
rCorr   .          Rampage  .   (no gloves)
Will    .....                   (no boots)
Stlth   ++........              (no amulet)
HPRegen 0.11/turn               (no ring)
MPRegen 0.11/turn               (no ring)

@: lethally poisoned (-3 -> -17), attractive, very slightly contaminated
A: hooves 1, powered by death 1, sharp scales 1
a: no special abilities


You were in a sewer.
You visited 1 branch of the dungeon, and saw 4 of its levels.
You also visited: Sewer.

You collected 211 gold pieces.

Inventory:

Hand Weapons
 n - a +0 dagger of freezing
 r - a +3 dagger (weapon)
Armour
 a - a +0 robe (worn)
 i - a +0 buckler (worn)
 l - a +2 hat (worn)
Wands
 m - a wand of polymorph (8)
Scrolls
 e - a scroll of identify
 g - a scroll of fear
 j - a scroll of butterflies
 o - a scroll of immolation
 s - a scroll of enchant armour {unknown}
Potions
 b - a potion of magic
 d - a potion of resistance {unknown}
 f - a potion of brilliance
 h - a potion of invisibility {unknown}
 k - a potion of haste {unknown}
 p - a potion of flight {unknown}
 q - a potion of degeneration {unknown}


   Skills:
 + Level 2.3 Fighting
 + Level 0.3 Armour
 - Level 2.0 Dodging
 - Level 2.0 Stealth
 + Level 0.3 Shields
 + Level 3.0 Spellcasting
 + Level 5.2 Necromancy


You had 5 spell levels left.
You knew the following spells:

 Your Spells              Type           Power      Damage    Failure   Level
a - Necrotise             Necr           88%        1d8       2%          1
b - Vampiric Draining     Necr           22%        2d7       8%          3

Your spell library contained the following spells:

 Spells                   Type           Power      Damage    Failure   Level
 Animate Dead             Necr           22%        N/A       24%         4
 Agony                    Necr           22%        N/A       56%         5


Dungeon Overview and Level Annotations

Branches:
Dungeon (4/15)              Sewer (1/1)
 Temple: D:4-7

Altars:
Sif Muna

Shops:
D:4 *


Innate Abilities, Weirdness & Mutations

You have large cloven feet.
You regenerate a little health from kills.
You are partially covered in razor-sharp scales. (AC +1, Slay +1)


Message History

Press: ? - help, Shift-Dir - straight line, f/p - water moccasin
Aim: a water moccasin (moderately wounded, chance to affect: 81%)
The water moccasin writhes in agony.
The water moccasin closely misses you. The water moccasin bites you.
You are poisoned.
The water moccasin poisons you!
Casting: Necrotise (safe; 2% risk of failure)
Confirm with . or Enter, or press ? or * to list all spells.
The spell is quite dangerous to miscast (8% risk of failure)!
Continue anyway?
Okay, then.
Unknown command.
You barely miss the water moccasin.
The water moccasin is moderately wounded.
You feel very sick. The water moccasin bites you.
Casting: Vampiric Draining (quite dangerous; 8% risk of failure)
Confirm with . or Enter, or press ? or * to list all spells.
The spell is quite dangerous to miscast (8% risk of failure)!
Continue anyway?
Aiming: Vampiric Draining (quite dangerous; 8% risk of failure)
Press: ? - help, Shift-Dir - straight line, f/p - water moccasin
Aim: a water moccasin (moderately wounded)
You miscast Vampiric Draining.
You are very lightly contaminated with residual magic.
Nothing appears to happen.
You feel sick. The water moccasin bites you.
You are lethally poisoned!
The water moccasin poisons you! The water moccasin bites you.
Unknown command.
Unknown command.
You barely miss the water moccasin.
The water moccasin is moderately wounded.
* * * LOW HITPOINT WARNING * * *
You feel very sick. The water moccasin misses you.
Unknown command.
It was a potion of attraction.
You feel attractive to monsters.
* * * LOW HITPOINT WARNING * * *
You feel very sick. The water moccasin bites you!
You die...

#..~#...#
#~.###~.##
#.~~ #...#
#..# ##~.#
#.. #..#
#. #..#
##..#
#~..#
#@.##
#~S.#
....##
#..~.~#
##...##
#.~. .#~#
|[#.


You could see a water moccasin.

Vanquished Creatures
  Jessica (D:3)
  2 gnolls (D:3)
  An adder (D:1)
  2 worms (D:2)
  A dart slug (D:1)
  6 bats
  4 endoplasms
  A giant cockroach (D:2)
  5 hobgoblins
  4 jackals
  4 kobolds
  3 quokkas
  7 ball pythons
  2 frilled lizards
  13 goblins
  7 rats
63 creatures vanquished.

Vanquished Creatures (collateral kills)
  A jackal (D:3)
1 creature vanquished.

Grand Total: 64 creatures vanquished

Notes
Turn   | Place    | Note
-------+----------+-------------------------------------------
     0 | D:1      | mathmaestro the Demonspawn Necromancer began the quest for
                  | the Orb.
     0 | D:1      | Reached XP level 1. HP: 13/13 MP: 3/3
   580 | D:1      | Found a faded altar of an unknown god.
   803 | D:1      | Gained mutation: You have large cloven feet. [demonic
                  | ancestry]
   803 | D:1      | Reached XP level 2. HP: 18/20 MP: 3/5
  1099 | D:1      | Reached skill level 1 in Fighting
  1222 | D:2      | Gained mutation: You regenerate a little health from kills.
                  | [demonic ancestry]
  1222 | D:2      | Reached XP level 3. HP: 13/26 MP: 0/6
  2175 | D:2      | Learned a level 3 spell: Vampiric Draining
  2906 | D:3      | Noticed Jessica
  2909 | D:3      | Killed Jessica
  2910 | D:3      | Reached skill level 5 in Necromancy
  2910 | D:3      | Gained mutation: You are partially covered in razor-sharp
                  | scales. (AC +1, Slay +1) [demonic ancestry]
  2910 | D:3      | Reached XP level 4. HP: 33/33 MP: 5/8
  3533 | D:3      | Found a shimmering blue altar of Sif Muna.
  3875 | D:4      | Found a glowing drain.
  3896 | D:4      | Found Miginig's Assorted Antiques.
  3899 | Sewer    | Entered a sewer
  3981 | Sewer    | Noticed a water moccasin
  3989 | Sewer    | Slain by a water moccasin

Illustrated notes

Levels and vault maps discovered:
D:1:      wander_arrival_peaceful_grave, layout_basic,
          hellmonk_ecumenical_altar_run_dry
D:2:      layout_basic, hangedman_decor_riveting
D:3:      cheibrodos_greedy_goblins, layout_loops_ring, led_sif_pool,
          uniq_jessica
D:4:      layout_rooms, serial_shops, shop, shop, shop, nicolae_shop_stone,
          hellmonk_ghost_happy_afterlife, portal_sewer_entry_a
Sewer:    sewer_the_moccasin

Skill      XL: |  1  2  3  4 |
---------------+-------------+-----
Stealth        | 2 |  2.0
Dodging        | 2 |  2.0
Fighting       | 1 2 |  2.3
Necromancy     | 5 |  5.2
Spellcasting   | 3 |  3.0
Armour         | |  0.3
Shields        | |  0.3

Action                   |  1- 3 |  4- 6 || total
-------------------------+-------+-------++-------
Melee: Unarmed           |    10 |       ||    10
       Dagger            |    45 |    32 ||    77
       Kick              |    14 |     5 ||    19
 Cast: Necrotise         |    65 |    23 ||    88
  Use: Potion            |     2 |     1 ||     3
       Scroll            |       |     3 ||     3
 Stab: Sleeping          |     3 |     1 ||     4
Armor: Robe              |    16 |    12 ||    28
Dodge: Dodged            |    58 |    26 ||    84
Block: Buckler           |       |     5 ||     5
